Map: Orbital Shipyard

Players

Draculino - Winner!

  • Race: Protoss Protoss
  • League: Silver

Harbinger

  • Race: Zerg Zerg
  • League: Gold

VOD

Have the link to the VOD?

Description

Time

  • Played on: Sept. 29, 2015, 1:43 p.m.
  • Length: 32:12
Show
View Real Time Build Order
Export as new Build Order

Draculino Protoss - Winner!

Build Orders: 1 Gate Expand 

Get SALT Encoding   

  12  0:00  Probe (Chrono Boost)  
  13  0:10  Probe (Chrono Boost)  
  14  0:19  Pylon  
  14  0:21  Probe (Chrono Boost)  
  15  0:36  Probe (Chrono Boost)  
  15  0:39  Gateway  
  16  0:47  Probe (Chrono Boost)  
  17  0:57  Assimilator  
  17  1:15  Nexus  
  17  1:18  Probe (Chrono Boost)  
  18  1:27  Probe (Chrono Boost)  
  19  1:38  Cybernetics Core  
  19  1:46  Probe (Chrono Boost)  
  20  1:55  Probe (Chrono Boost)  
  20  1:56  Pylon  
  21  2:08  Probe (Chrono Boost)  
  21  2:11  Assimilator  
  22  2:18  Mothership Core (Chrono Boost)  
  22  2:22  Adept  
  26  2:28  Probe (Chrono Boost)  
  26  2:29  Pylon  
  27  2:36  Probe (Chrono Boost)  
  28  2:38  Probe (Chrono Boost)  
  29  2:48  Probe (Chrono Boost)  
  30  2:52  Warp Gate (Chrono Boost)  
  30  2:56  Adept  
  30  2:57  Probe (Chrono Boost)  
  32  3:00  Probe (Chrono Boost)  
  34  3:12  Probe  
  35  3:15  Probe, Gateway  
  35  3:16  Gateway  
  36  3:21  Assimilator  
  36  3:24  Probe  
  36  3:25  Probe  
  36  3:26  Assimilator  
  37  3:36  Probe  
  38  3:42  Adept  
  38  3:45  Probe  
  41  3:52  Pylon  
  41  3:54  Probe  
  41  3:55  Probe  
  42  3:58  Pylon  
  43  4:06  Probe  
  44  4:21  Adept  
  46  4:25  Robotics Facility  
  46  4:31  Probe (Chrono Boost)  
  44  4:33  Gateway  
  44  4:34  Probe (Chrono Boost)  
  44  4:35  Pylon  
  46  4:41  Probe (Chrono Boost)  
  46  4:44  Probe (Chrono Boost)  
  48  4:51  Probe (Chrono Boost)  
  49  5:01  Probe (Chrono Boost)  
  49  5:02  Sentry x2  
  54  5:08  Pylon  
  54  5:11  Probe (Chrono Boost), Nexus  
  55  5:14  Observer  
  55  5:17  Robotics Bay  
  55  5:21  Probe (Chrono Boost)  
  56  5:26  Adept  
  56  5:27  Adept x2  
  57  5:45  Pylon  
  57  5:48  Sentry x2  
  57  5:49  Sentry  
  63  5:51  Gateway  
  63  5:53  Gateway  
  63  5:58  Probe (Chrono Boost)  
  64  6:07  Forge  
  64  6:08  Gateway, Probe (Chrono Boost)  
  65  6:11  Pylon  
  65  6:13  Adept x3  
  71  6:21  Disruptor  
  71  6:23  Gravitic Drive  
  71  6:24  Probe (Chrono Boost)  
  75  6:26  Probe (Chrono Boost)  
  76  6:34  Probe (Chrono Boost)  
  76  6:36  Probe (Chrono Boost)  
  78  6:41  Probe (Chrono Boost)  
  78  6:42  Gateway  
  78  6:44  Probe (Chrono Boost), Gateway  
  78  6:46  Probe (Chrono Boost)  
  81  6:51  Probe (Chrono Boost), Protoss Ground Weapons Level 1 (Chrono Boost)  
  82  6:56  Assimilator  
  82  7:01  Probe (Chrono Boost), Gateway  
  82  7:02  Assimilator  
  83  7:11  Disruptor (Chrono Boost)  
  86  7:16  Probe (Chrono Boost)  
  87  7:24  Pylon  
  87  7:26  Stalker x4, Probe  
  87  7:27  Stalker  
  98  7:33  Probe  
  98  7:34  Photon Cannon  
  98  7:36  Probe  
  99  7:43  Probe  
  100  7:45  Probe  
  102  8:01  Twilight Council  
  102  8:02  Stalker  
  102  8:03  Stalker x3  
  109  8:05  Adept x2  
  109  8:06  Adept  
  109  8:11  Probe  
  116  8:21  Probe  
  117  8:29  Pylon, Warp Prism (Chrono Boost)  
  117  8:35  Probe  
  117  8:38  Photon Cannon  
  117  8:41  Pylon  
  120  8:42  Protoss Ground Armor Level 1 (Chrono Boost)  
  120  8:45  Probe  
  121  8:50  Pylon  
  121  8:55  Probe  
  121  8:57  Forge  
  122  9:05  Stargate  
  122  9:07  Stargate  
  122  9:09  Templar Archives  
  122  9:11  Stalker x5  
  122  9:12  Stalker, Blink (Chrono Boost)  
  122  9:14  Stalker  
  136  9:37  Adept x2  
  136  9:38  Adept x4  
  146  9:39  Protoss Ground Weapons Level 2 (Chrono Boost)  
  148  9:55  Pylon  
  148  9:57  Pylon  
  148  9:58  Pylon  
  148  10:00  Pylon  
  148  10:13  Void Ray x2  
  156  10:18  Colossus  
  156  10:19  Phoenix  
  162  10:30  Extended Thermal Lance  
  162  10:38  Robotics Facility  
  162  10:47  Protoss Ground Armor Level 2 (Chrono Boost)  
  162  10:56  Void Ray x2  
  170  11:08  Adept x4  
  178  11:23  Psionic Storm  
  178  11:35  High Templar  
  180  11:43  Pylon  
  180  11:44  Shield Upgrade  
  180  11:45  Pylon  
  172  11:47  Pylon  
  172  11:49  Stalker x3, Pylon  
  172  11:50  Stalker  
  180  12:27  Colossus  
  180  12:33  Void Ray x2  
  188  12:37  Colossus  
  108  13:56  Adept x2  
  108  13:57  Adept x6  
  112  14:27  High Templar x6, Protoss Ground Armor Level 3 (Chrono Boost)  
  112  14:28  High Templar x2  
  112  14:30  Archon x3  
  112  14:31  Archon  
  128  14:35  Charge  
  127  14:58  Protoss Ground Weapons Level 3 (Chrono Boost)  
  121  15:08  Adept x5  
  121  15:09  Adept x3  
  137  15:26  Nexus  
  137  15:28  Pylon  
  137  15:31  Pylon  
  133  15:43  Stalker x5  
  133  15:44  Stalker x3  
  147  16:15  Stalker  
  147  16:16  Stalker x5  
  147  16:17  Stalker x2  
  101  16:51  Nexus  
  101  16:53  Photon Cannon  
  101  16:57  Disruptor (Chrono Boost)  
  107  17:03  Disruptor (Chrono Boost)  
  107  17:07  Nexus, Zealot x6  
  107  17:08  Pylon, Zealot x2  
  123  17:10  Pylon  
  123  17:48  Stalker x2  
  123  17:49  Stalker  
  123  17:50  Adept x7  
  143  17:57  Phoenix x2  
  147  18:04  Photon Cannon  
  147  18:05  Photon Cannon  
  147  18:08  Assimilator  
  147  18:10  Assimilator  
  147  18:14  Assimilator  
  147  18:31  High Templar  
  147  18:32  High Templar x5  
  158  18:37  Archon x2  
  158  18:38  Mothership Core, Archon  
  158  18:44  Assimilator  
  160  19:10  Zealot x2  
  160  19:11  Zealot x7  
  160  19:12  Zealot  
  160  19:15  Protoss Shields Level 1  
  148  19:31  Stalker x3  
  148  19:32  Stalker x5  
  148  19:34  Stalker  
  150  20:11  Nexus  
  131  20:28  Adept x4  
  113  20:29  Adept x5  
  121  20:53  Disruptor (Chrono Boost)  
  127  21:00  Disruptor (Chrono Boost)  
  127  21:17  Zealot x4  
  127  21:18  Zealot x3  
  141  21:21  Protoss Shields Level 2  
  141  21:32  Probe  
  136  21:37  Disruptor (Chrono Boost)  
  131  21:42  Probe  
  132  21:52  Probe  
  132  21:59  Assimilator  
  131  22:02  Probe  
  131  22:03  Assimilator  
  132  22:11  Gateway  
  132  22:15  High Templar  
  132  22:16  High Templar x2  
  132  22:20  Zealot x4  
  132  22:21  Zealot  
  114  22:45  Adept x2  
  114  22:46  Adept x4  
  114  22:47  Adept  
  92  23:06  Stalker x3  
  92  23:07  Zealot x5  
  92  23:08  Mothership Core, Stalker, Zealot  
  108  23:18  Probe  
  105  23:28  Probe  
  106  23:40  Zealot x4  
  106  23:41  Zealot x5  
  118  23:42  Zealot  
  124  24:07  Disruptor (Chrono Boost)  
  120  24:13  Disruptor (Chrono Boost)  
  112  24:36  Adept x6  
  112  24:37  Adept x4, Observer (Chrono Boost)  
  134  24:47  Observer (Chrono Boost)  
  134  25:04  Zealot x2  
  134  25:05  Zealot x2  
  142  25:07  Zealot x2  
  142  25:21  Probe  
  142  25:27  Pylon  
  143  25:31  Probe  
  143  25:32  Zealot x2  
  143  25:33  Zealot x6, Stargate  
  143  25:34  Zealot  
  160  25:36  Stargate  
  160  25:38  Stargate  
  152  25:47  Probe  
  137  25:59  Zealot  
  137  26:00  Zealot x5  
  137  26:23  Void Ray (Chrono Boost)  
  137  26:24  Void Ray (Chrono Boost)  
  135  26:28  Void Ray (Chrono Boost)  
  131  26:59  Void Ray (Chrono Boost)  
  131  27:00  Void Ray (Chrono Boost)  
  131  27:01  Zealot x4  
  141  27:12  Void Ray (Chrono Boost)  
  117  27:36  Adept x3  
  111  27:37  Adept x3  
  83  28:00  Void Ray (Chrono Boost)  
  83  28:03  Stalker x4  
  83  28:04  Void Ray (Chrono Boost)  
  83  28:05  Zealot x2  
  103  28:08  Void Ray (Chrono Boost)  
  92  29:02  Stalker  
  94  29:03  Zealot x4  
  94  29:04  Zealot  
  104  29:17  Photon Cannon  
  104  29:18  Pylon  
  104  29:31  Observer, Zealot x3  
  106  29:35  Observer  
  112  30:10  Zealot x2  
  116  31:21  Nexus  
  116  31:24  Pylon  
Show
View Real Time Build Order
Export as new Build Order

Harbinger Zerg 

Build Orders: Hatch First 

Get SALT Encoding   

  12  0:01  Drone  
  13  0:10  Drone  
  14  0:17  Overlord  
  14  0:28  Drone, Extractor x2  
  14  0:29  Drone  
  16  0:43  Drone  
  16  0:46  Drone  
  18  1:01  Drone  
  18  1:02  Hatchery, Extractor  
  17  1:20  Spawning Pool  
  17  1:21  Drone x2  
  18  1:27  Drone  
  19  1:38  Drone  
  20  2:01  Overlord  
  20  2:09  Queen  
  22  2:15  Queen  
  22  2:17  Zergling x4  
  22  2:21  Metabolic Boost  
  26  2:24  Drone x2  
  28  2:33  Drone x2  
  30  2:43  Drone  
  30  2:44  Drone  
  32  2:48  Overlord  
  33  2:58  Drone x2  
  33  3:03  Drone  
  34  3:13  Overlord  
  34  3:19  Hatchery  
  33  3:24  Drone x5  
  33  3:25  Drone  
  39  3:27  Lair  
  39  3:30  Extractor  
  39  3:32  Drone x2  
  39  3:33  Drone  
  41  3:44  Drone x3  
  41  3:45  Drone x2  
  46  3:49  Extractor  
  46  3:50  Extractor  
  43  3:59  Zergling x4  
  45  4:16  Zergling x6  
  45  4:17  Zergling x6  
  48  4:23  Drone x3  
  51  4:24  Drone x2  
  51  4:31  Roach Warren  
  51  4:34  Drone  
  51  4:37  Queen  
  54  4:39  Drone  
  54  4:45  Drone x3  
  58  4:52  Overlord x3  
  58  4:55  Evolution Chamber  
  58  4:56  Drone  
  58  4:57  Evolution Chamber, Drone  
  58  5:11  Glial Reconstitution  
  58  5:13  Drone x7  
  58  5:14  Drone  
  64  5:33  Drone x3  
  64  5:34  Drone x3  
  64  5:45  Zerg Missile Weapons Level 1, Zerg Ground Armor Level 1  
  64  5:47  Roach x7  
  78  5:55  Drone x2  
  78  5:56  Hydralisk Den  
  79  5:57  Overseer  
  79  6:08  Overlord x2, Roach  
  81  6:12  Spore Crawler  
  81  6:13  Spore Crawler  
  81  6:15  Spore Crawler, Drone  
  81  6:18  Drone  
  80  6:19  Roach  
  82  6:35  Overseer  
  82  6:44  Roach x6  
  82  6:45  Roach x2  
  98  6:47  Overlord x2  
  98  6:48  Overlord  
  98  7:01  Overlord x2  
  98  7:09  Hydralisk x6, Muscular Augments  
  98  7:10  Hydralisk x3  
  98  7:12  Overlord  
  98  7:13  Overlord  
  116  7:29  Infestation Pit, Roach x5  
  129  7:30  Roach x5  
  135  7:45  Drone x7  
  135  7:48  Extractor  
  135  7:49  Extractor  
  135  7:51  Overseer  
  140  7:54  Zerg Ground Armor Level 2, Zerg Missile Weapons Level 2  
  140  7:56  Hydralisk x3  
  140  7:57  Hydralisk  
  148  8:19  Roach x2  
  154  8:20  Roach  
  154  8:21  Overlord x3  
  154  8:41  Hatchery  
  153  8:43  Hydralisk x3  
  153  8:44  Hydralisk x7  
  153  8:46  Overlord x4  
  173  8:49  Lurker Den  
  173  8:54  Hive  
  173  10:04  Extractor  
  172  10:08  Extractor  
  172  10:10  Queen  
  173  10:19  Hatchery  
  172  10:31  Viper x5  
  172  10:32  Viper x2  
  193  10:41  Lurker  
  194  10:48  Spore Crawler  
  193  10:56  Zerg Missile Weapons Level 3  
  193  11:14  Spore Crawler  
  193  11:15  Drone x2  
  193  11:16  Drone  
  195  11:52  Lurker x2  
  197  12:16  Overlord x2  
  197  12:17  Overlord  
  197  12:31  Zerg Ground Armor Level 3  
  197  12:53  Drone x3  
  200  13:24  Overlord  
  150  13:53  Hydralisk  
  150  13:54  Hydralisk x28  
  150  13:55  Hydralisk x4  
  179  14:14  Viper x5  
  179  14:15  Viper  
  199  14:17  Roach  
  197  15:14  Queen  
  197  15:16  Drone  
  200  15:46  Hatchery  
  197  15:59  Roach  
  134  16:34  Roach  
  134  16:35  Roach x21  
  134  16:36  Roach x16  
  196  16:45  Roach x3  
  200  17:10  Extractor  
  200  17:15  Spore Crawler, Extractor  
  197  18:18  Viper  
  200  18:58  Spine Crawler  
  196  19:28  Hydralisk  
  196  19:29  Hydralisk x24  
  196  19:30  Hydralisk x6  
  154  19:47  Roach  
  154  19:48  Roach x22  
  191  20:07  Hydralisk  
  191  20:08  Hydralisk x4  
  149  20:24  Pneumatized Carapace  
  149  20:25  Hydralisk x8  
  149  20:26  Hydralisk x17  
  171  20:50  Roach  
  171  20:51  Roach x12  
  197  20:59  Spire  
  196  21:20  Spine Crawler  
  195  21:44  Hatchery  
  194  22:13  Greater Spire  
  192  22:30  Hatchery, Extractor  
  192  22:33  Hydralisk x6, Extractor  
  192  22:35  Hydralisk x3  
  103  23:14  Corruptor x12  
  103  23:15  Corruptor x8  
  141  23:24  Zerg Melee Weapons Level 1  
  141  23:46  Corruptor x2  
  141  23:47  Corruptor  
  139  24:10  Brood Lord x2  
  135  24:41  Brood Lord x2  
  139  25:04  Brood Lord  
  137  25:14  Spawning Pool  
  128  25:35  Brood Lord x2  
  131  25:46  Drone x5  
  131  25:47  Drone x3  
  129  26:03  Zergling x8  
  129  26:04  Zergling x36  
  146  26:11  Brood Lord  
  118  26:34  Zergling x6  
  118  26:35  Zergling x14  
  108  27:04  Zergling x6  
  108  27:05  Zergling x22  
  91  27:24  Zergling x10  
  70  27:54  Zergling x2  
  70  27:55  Zergling x22  
  70  27:57  Brood Lord  
  70  27:58  Brood Lord  
  82  28:17  Drone x5  
  87  28:26  Drone x3  
  86  28:51  Corruptor  
  58  29:23  Corruptor  
  56  29:53  Extractor  
  31  30:21  Spawning Pool  
  31  30:22  Brood Lord  
  17  31:10  Zergling x2  
  20  31:11  Zergling x22  
  20  31:16  Queen  
  20  31:17  Queen  
  20  31:18  Queen  
  27  31:19  Queen  
  27  31:22  Zergling x2  
  30  31:37  Zergling x2  
Tags
 
Add a new tag
Caveats
  • Supply blocks, unpowered buildings, or Contaminate may cause inaccurate times.
  • Supply counts are checked every 10 seconds.